Cogmind - Beta 13 @@@ ROGUE MODE // 2024.03.10 @ 18:15:47 Player: StarSirius Result: Destroyed by X-62 Marksman with Pulse Rifle Performance ------------- Evolutions (2) 1000 Regions Visited (5) 1000 Robots Destroyed (30) 150 Value Destroyed (863) 863 Prototype IDs (0) 0 Alien Tech Used (0) 0 Bonus (0) 0 TOTAL SCORE: 3013 Bonus ------- None Cogmind --------- Core Integrity 0/550 Matter 289/300 Energy 99/100 System Corruption 2% Temperature Cool (9) Movement Core (700) Ox13 Location -8/Materials Parts ------- > --- POWER (1) -------- (None) > --- PROPULSION (3) --- (None) > --- UTILITY (5) ------ High-capacity Storage Unit Improved Signal Interpreter Advanced Targeting Computer > --- WEAPON (2) ------- (None) > --- INVENTORY (20) --- Ion Engine Light Ion Engine Light Ion Engine Light Ion Engine Light Ion Engine Light Nuclear Core Large Storage Unit High-capacity Storage Unit Small Laser Particle Gun Peak State ------------ > --- POWER ------------ Light Nuclear Core > --- PROPULSION ------- Improved Treads Wheel Wheel > --- UTILITY ---------- High-capacity Storage Unit Improved Signal Interpreter Improved Terrain Scanner Seismic Detector Advanced Targeting Computer > --- WEAPON ----------- Particle Gun Assault Rifle > --- INVENTORY -------- Ion Engine Ion Engine Light Ion Engine Light Ion Engine Light Ion Engine Light Ion Engine Light Ion Engine Light Nuclear Core Aluminum Leg Aluminum Leg Large Storage Unit High-capacity Storage Unit Small Laser Particle Gun EM Pulse Cannon Light Assault Rifle Light Assault Rifle Light Cannon [Rating: 23] Favorites ----------- Power Light Ion Engine Engine Light Ion Engine Power Core Light Nuclear Core Propulsion Wheel Treads Light Treads Leg Aluminum Leg Wheel Wheel Utility High-capacity Storage Unit Device Seismic Detector Storage High-capacity Storage Unit Processor Improved Signal Interpreter Weapon Light Assault Rifle Energy Gun Medium Laser Energy Cannon EM Pulse Cannon Ballistic Gun Light Assault Rifle Ballistic Cannon Light Cannon Build | -11 -10 -10 -9 -9 -8 ------- Run | Yrd Mat Min Mat Min Mat Slots Evolved 4 | . . . 2 . 2 Power . | . . . . . . Propulsion 1 | . . . . . 1 Utility 3 | . . . 2 . 1 Weapon . | . . . . . . Parts Attached 55 | 7 5 2 2 23 16 Power 9 | 1 1 . . 4 3 Engine 8 | 1 1 . . 4 2 Core 1 | . . . . . 1 Reactor . | . . . . . . Propulsion 24 | 2 2 2 . 15 3 Treads 5 | 2 . . . 2 1 Leg 7 | . . . . 5 2 Wheel 12 | . 2 2 . 8 . Hover . | . . . . . . Flight . | . . . . . . Utility 10 | 2 2 . 2 1 3 Device 6 | 1 1 . 2 1 1 Storage 2 | 1 1 . . . . Processor 2 | . . . . . 2 Hackware . | . . . . . . Protection . | . . . . . . Artifact . | . . . . . . Weapon 12 | 2 . . . 3 7 Energy Gun 3 | 1 . . . 1 1 Energy Cannon 1 | . . . . . 1 Ballistic Gun 7 | 1 . . . 2 4 Ballistic Cannon 1 | . . . . . 1 Launcher . | . . . . . . Special Weapon . | . . . . . . Impact Weapon . | . . . . . . Slashing Weapon . | . . . . . . Piercing Weapon . | . . . . . . Special Melee Weapon . | . . . . . . Unidentified Prototypes . | . . . . . . Parts Lost 35 | . 2 . 1 15 17 Power 5 | . . . . 2 3 Propulsion 14 | . 2 . . 8 4 Utility 5 | . . . 1 2 2 Weapon 11 | . . . . 3 8 Highest Loss Streak 9 | . 2 . 1 9 8 To Critical Strikes . | . . . . . . Average Slot Usage (%) 88 | . 99 100 98 72 80 Engine 11 | . 14 14 11 10 6 Treads 7 | . 17 . . . 7 Leg 2 | . . . . 8 1 Wheel 13 | . 10 28 22 10 10 Device 13 | . 14 14 32 9 9 Storage 11 | . 14 14 11 11 9 Processor 3 | . . . . . 16 Energy Gun 10 | . 14 14 11 6 6 Ballistic Gun 12 | . 14 14 11 15 9 Naked Turns . | . . . . . . Heaviest Build 52 | 14 49 47 49 48 52 Greatest Support 40 | 40 40 20 20 20 23 Greatest Overweight (x) 15 | 2 2 2 2 4 15 Average Overweight (x) 1 | . 1 2 2 2 2 Largest Inventory Capacity 20 | 8 20 20 20 20 20 Average Capacity 18 | 7 17 20 20 20 20 Most Carried 18 | 6 12 16 18 18 18 Average Carried 11 | 4 7 13 16 13 15 Final Capacity 20 | 8 20 20 20 20 20 Final Carried 18 | 6 12 16 18 15 10 Class Distribution -------------------- 74% | Mutant 25% | Scavenger-Mutant Dominant Class ---------------- Mutant | -10/Materials Mutant | -10/Mines Scavenger-Mutant | -9/Materials Mutant | -9/Mines Scavenger-Mutant | -8/Materials Resources | -11 -10 -10 -9 -9 -8 ----------- Run | Yrd Mat Min Mat Min Mat Matter Collected 962 | 248 128 19 . 339 228 Remotely . | . . . . . . Salvage Created 1065 | 31 424 39 . 266 305 Parts 51 | 5 19 5 . 14 8 Haulers Intercepted . | . . . . . . Recyclers Shooed 1 | . . . . . 1 Parts Field Recycled . | . . . . . . Retrieved Matter . | . . . . . . Parts Self-Destructed . | . . . . . . Prevented . | . . . . . . Kills | -11 -10 -10 -9 -9 -8 ------- Run | Yrd Mat Min Mat Min Mat Combat Hostiles Destroyed 30 | . 11 . . 12 7 Guns 28 | . 11 . . 12 5 Cannons 2 | . . . . . 2 Classes Destroyed 10 | 1 3 . . 3 3 Tunneler 5 | 2 . 2 . 1 . Recycler 1 | . . . . 1 . Watcher 1 | . 1 . . . . Swarmer 6 | . 3 . . 3 . Grunt 12 | . 8 . . . 4 Duelist 1 | . . . . . 1 Sentry 1 | . . . . . 1 Demolisher 2 | . . . . 2 . Specialist 1 | . . . . . 1 Assembled 7 | . . . . 7 . Best Kill Streak 6 | 2 4 1 . 6 2 Combat Bots Only 6 | . 4 . . 6 2 Max Kills in Single Turn 1 | 1 1 1 . 1 1 Gunslinging . | . . . . . . Exploded . | . . . . . . Melee . | . . . . . . Uniques/NPCs Destroyed . | . . . . . . Combat | -11 -10 -10 -9 -9 -8 -------- Run | Yrd Mat Min Mat Min Mat Hostile Shots Fired 266 | . 68 . 19 72 107 Missed 59 | . 12 . 8 15 24 Damage Taken 3699 | . 684 . 141 1060 1814 Core 1052 | . 148 . 41 308 555 Absorbed by Shields . | . . . . . . Core Remaining (%) 50 | 100 . 40 . 12 . Volleys Fired 148 | 2 64 3 . 38 41 Largest 2 | 2 2 2 . 2 2 Hottest 85 | 70 70 70 . 60 85 Shots Fired 285 | 4 128 6 . 70 77 Gun 278 | 4 128 6 . 70 70 Cannon 7 | . . . . . 7 Launcher . | . . . . . . Special . | . . . . . . Kinetic 175 | 2 64 3 . 58 48 Thermal 108 | 2 64 3 . 12 27 Explosive . | . . . . . . Electromagnetic 2 | . . . . . 2 Robot Hit Streak 18 | 2 14 2 . 10 18 Robot Miss Streak 4 | . 4 2 . 2 4 Penetration Max . | . . . . . . Secondary Targets 3 | . 1 . . 1 1 Max Gunslinging Chain 1 | . 1 . . 1 1 Shots Hit Robots 186 | 2 81 2 . 45 56 Core Hits 72 | 2 26 2 . 20 22 Critical Kills . | . . . . . . Critical Parts Destroyed . | . . . . . . Critical Strikes 10 | 1 8 . . 1 . Burn 10 | 1 8 . . 1 . Melee Attacks . | . . . . . . Impact . | . . . . . . Slashing . | . . . . . . Piercing . | . . . . . . Sneak Attacks . | . . . . . . Combat Hostiles . | . . . . . . Follow-up Attacks . | . . . . . . Damage Inflicted 2221 | 25 849 26 . 570 751 Guns 2064 | 25 849 26 . 549 615 Cannons 136 | . . . . . 136 Explosions . | . . . . . . Melee . | . . . . . . Ramming 21 | . . . . 21 . Kinetic 1208 | . 336 . . 459 413 Thermal 940 | 25 513 26 . 90 286 Explosive . | . . . . . . Electromagnetic 52 | . . . . . 52 Impact . | . . . . . . Slashing . | . . . . . . Piercing . | . . . . . . Highest Corruption 2 | . . . . 1 2 Average Corruption 1 | . . . . 1 2 Corruption Purged . | . . . . . . Corruption Blocked . | . . . . . . Effects 14 | . . . . 2 12 Message Errors 4 | . . . . 1 3 Matter Fused 3 | . . . . . 3 Heat Flow Errors 2 | . . . . . 2 Energy Discharges 3 | . . . . 1 2 Data Loss (minor) 2 | . . . . . 2 Overload Shots . | . . . . . . Overflow Damage 4 | . . . . . 4 Projectiles 4 | . . . . . 4 Explosions . | . . . . . . Melee . | . . . . . . Knockbacks . | . . . . . . Impact . | . . . . . . Kinetic . | . . . . . . Secondary . | . . . . . . Self-Inflicted Damage 10 | . . . . 10 . Shots . | . . . . . . Rammed 1 | . . . . 1 . Targets Rammed 1 | . . . . 1 . Kicked . | . . . . . . Crushed . | . . . . . . Highest Temperature 287 | 40 287 60 . . 185 Average Temperature 83 | 20 90 29 . . 79 Received Heat Transfer 846 | . 336 . 57 120 333 Siege Activations . | . . . . . . Robots Corrupted . | . . . . . . Combat Hostiles . | . . . . . . Parts Fried . | . . . . . . Impact Corruptions . | . . . . . . Robots Melted . | . . . . . . Combat Hostiles . | . . . . . . Parts Melted 5 | 1 3 . . . 1 Heat Transferred 3308 | 148 2109 74 . 298 679 Parts Sabotaged . | . . . . . . Parts Stolen . | . . . . . . Parts Stripped . | . . . . . . Power Chain Reactions . | . . . . . . Alert | -11 -10 -10 -9 -9 -8 ------- Run | Yrd Mat Min Mat Min Mat Peak Influence 200 | 10 200 40 57 55 81 Initial 30 | . 6 30 15 18 9 Average 46 | 2 79 34 26 28 33 Maximum Alert Level 1 | . 1 . . . . Low Security (%) 97 | 100 93 100 100 100 100 Level 1 2 | . 6 . . . . Level 2 . | . . . . . . Level 3 . | . . . . . . Level 4 . | . . . . . . Level 5 . | . . . . . . High Security . | . . . . . . Max Security . | . . . . . . Squads Dispatched 7 | . 4 . 2 . 1 Investigation 2 | . 1 . 1 . . Extermination . | . . . . . . Reinforcement 5 | . 3 . 1 . 1 Assault . | . . . . . . Garrison . | . . . . . . Intercept . | . . . . . . Searches Triggered . | . . . . . . Construction Impeded . | . . . . . . Haulers Reinforced . | . . . . . . Active Scanning Responses . | . . . . . . Cargo Convoy Interrupts . | . . . . . . Stealth | -11 -10 -10 -9 -9 -8 --------- Run | Yrd Mat Min Mat Min Mat Distress Signals 5 | . 2 . . . 3 Communications Jammed . | . . . . . . Distress Signals . | . . . . . . Times Spotted 82 | . 28 . 7 31 16 Peak Tracking Total 18 | . 5 . 5 18 5 Tactical Retreats 8 | . 1 . . 4 3 Traps | -11 -10 -10 -9 -9 -8 ------- Run | Yrd Mat Min Mat Min Mat Traps Triggered 3 | . 1 . 1 . 1 Indirectly . | . . . . . . Trap Hack Attempts . | . . . . . . Triggered . | . . . . . . Disarmed . | . . . . . . Reprogrammed . | . . . . . . Reused . | . . . . . . Traps Extracted . | . . . . . . Installed . | . . . . . . Triggered . | . . . . . . Machines | -11 -10 -10 -9 -9 -8 ---------- Run | Yrd Mat Min Mat Min Mat Machines Disabled . | . . . . . . Max in Single Turn . | . . . . . . Machines Repaired . | . . . . . . Machines Dismantled . | . . . . . . Machines Sabotaged . | . . . . . . Overloaded Fab Kills . | . . . . . . Hacking | -11 -10 -10 -9 -9 -8 --------- Run | Yrd Mat Min Mat Min Mat Machines Accessed 12 | . 5 . 4 1 2 Terminals 9 | . 3 . 3 1 2 Fabricators . | . . . . . . Repair Stations . | . . . . . . Recycling Units 2 | . 2 . . . . Scanalyzers 1 | . . . 1 . . Garrison Access . | . . . . . . Total Hacks 31 | . 15 . 9 2 5 Successful 15 | . 8 . 5 . 2 Failed 16 | . 7 . 4 2 3 Catastrophic 4 | . 1 . 1 . 2 Database Lockouts . | . . . . . . Manual 30 | . 16 . 7 2 5 Terminals 23 | . 9 . 7 2 5 Fabricators . | . . . . . . Repair Stations . | . . . . . . Recycling Units 6 | . 6 . . . . Scanalyzers 2 | . . . 2 . . Garrison Access . | . . . . . . Terminal Hacks 3 | . 1 . 1 . 1 Branch Access Points 2 | . 1 . 1 . . Terminal Index 1 | . . . . . 1 Fabricator Hacks . | . . . . . . Repair Station Hacks . | . . . . . . Recycling Unit Hacks 1 | . 1 . . . . Retrieve Components 1 | . 1 . . . . Scanalyzer 2 | . . . 2 . . Insert Component 1 | . . . 1 . . Analyze 1 | . . . 1 . . Garrison Access Hacks . | . . . . . . Unauthorized Hacks 9 | . 6 . 2 . 1 Terminals 4 | . 1 . 2 . 1 Botnet 4 | . 1 . 2 . 1 Fabricators . | . . . . . . Repair Stations . | . . . . . . Recycling Units 5 | . 5 . . . . Monitor 1 | . 1 . . . . Reject 2 | . 2 . . . . Mask 2 | . 2 . . . . Scanalyzers . | . . . . . . Garrison Access . | . . . . . . Data Cores Recovered . | . . . . . . Used . | . . . . . . Hacking Detections 10 | . 4 . 3 1 2 Full Trace Events . | . . . . . . Feedback Events . | . . . . . . Feedback Blocked . | . . . . . . Robot Schematics Acquired . | . . . . . . Robots Built . | . . . . . . Authchips . | . . . . . . Time . | . . . . . . Total Robot Build Rating . | . . . . . . Part Schematics Acquired 1 | . . . 1 . . Parts Built . | . . . . . . Authchips . | . . . . . . Time . | . . . . . . Total Part Build Rating . | . . . . . . Parts Repaired . | . . . . . . Time . | . . . . . . Parts Recycled . | . . . . . . Recycled Matter . | . . . . . . Retrieved Matter . | . . . . . . Retrieved Components 6 | . 6 . . . . Parts Scanalyzed 1 | . . . 1 . . Part Schematics Acquired 1 | . . . 1 . . Parts Damaged . | . . . . . . Bothacking | -11 -10 -10 -9 -9 -8 ------------ Run | Yrd Mat Min Mat Min Mat Used RIF Installer . | . . . . . . Robots Hacked . | . . . . . . Non-combat . | . . . . . . Combat . | . . . . . . Robot Hacks Applied . | . . . . . . Relay Couplers Released . | . . . . . . Fabnet Peak Effective % . | . . . . . . Robots Rewired . | . . . . . . Allies Hacked . | . . . . . . Hacks Repelled . | . . . . . . Allies | -11 -10 -10 -9 -9 -8 -------- Run | Yrd Mat Min Mat Min Mat Total Allies . | . . . . . . Largest Group . | . . . . . . Highest-Rated Group . | . . . . . . Highest-Rated Ally . | . . . . . . Total Orders . | . . . . . . Ally Attacks . | . . . . . . Total Damage . | . . . . . . Kills . | . . . . . . Allies Corrupted . | . . . . . . Allies Melted . | . . . . . . Intel | -11 -10 -10 -9 -9 -8 ------- Run | Yrd Mat Min Mat Min Mat Robot Analysis Total . | . . . . . . Derelict Logs Recovered 2 | . . 1 . 1 . Drone Launches . | . . . . . . Drone Recoveries . | . . . . . . Exploration | -11 -10 -10 -9 -9 -8 ------------- Run | Yrd Mat Min Mat Min Mat Turns Passed 2730 | 118 924 261 222 594 611 Spaces Moved 1467 | 63 454 221 196 282 251 Core 9 | 6 . . . . 3 Treads 329 | 57 212 . . . 60 Legs 99 | . . . . 75 24 Wheels 1030 | . 242 221 196 207 164 Hover . | . . . . . . Flight . | . . . . . . Fastest Speed 50 | 50 110 110 110 110 110 Average Speed 145 | 151 152 110 110 154 181 Slowest Speed 800 | 160 240 110 110 260 800 Overloaded Moves . | . . . . . . Propulsion Burnouts . | . . . . . . Robots Hopped . | . . . . . . Cave-ins Triggered . | . . . . . . Exploration Rate (%) 42 | 4 62 65 28 67 28 Regions Visited 5 Branch Regions 2 Pre-discovered Areas . | . . . . . . Known Exits Taken 2 | . 1 . 1 . . Unknown Exits Taken 3 | 1 . 1 . 1 . Scrap Searched . | . . . . . . Spaces Dug . | . . . . . . Terrain Destroyed . | . . . . . . Melee . | . . . . . . Projectile . | . . . . . . AOE . | . . . . . . Terrain Rammed . | . . . . . . Walls Destroyed . | . . . . . . Machines Disabled . | . . . . . . Actions | -11 -10 -10 -9 -9 -8 --------- Run | Yrd Mat Min Mat Min Mat Total 1784 | 78 570 232 202 366 336 Wait 84 | 1 39 5 2 14 23 Move 1462 | 62 453 220 195 281 251 Hop . | . . . . . . Pick Up 27 | 6 7 2 3 4 5 Fast Attach 19 | 7 1 . 1 7 3 Attach 25 | . 2 . 1 11 11 Detach 4 | . . . . 4 . Swap 11 | . 2 2 . 5 2 Drop 3 | . 2 . . 1 . Fire 148 | 2 64 3 . 38 41 Melee . | . . . . . . Ram 1 | . . . . 1 . Kick . | . . . . . . Crush . | . . . . . . Escape Stasis . | . . . . . . Rewire . | . . . . . . Trap . | . . . . . . Miscellaneous . | . . . . . . Route ------- -11/Scrapyard -10/Materials (discovered 3 exits: *Mat / *Min x2) -10/Mines (discovered 2 exits: *Mat x2) -9/Materials (discovered 2 exits: *Min x2) -9/Mines (discovered 2 exits: *Mat x2) -8/Materials (discovered 3 exits: Fac x2 / *Sto) History --------- Turn | Location | Event 17 | -11/Scrapyard | Discovered new exit (range 16) 119 | -11/Scrapyard | Entered Materials 282 | -10/Materials | Discovered new exit (range 3) 310 | -10/Materials | Build established: Mutant 843 | -10/Materials | Core integrity fell below 50% 925 | -10/Materials | Discovered new exit (range 14) 990 | -10/Materials | Identified exit to Mines 1043 | -10/Materials | Entered Mines 1141 | -10/Mines | Discovered new exit (range 11) 1221 | -10/Mines | Discovered new exit (range 7) 1304 | -10/Mines | Entered Materials 1304 | -9/Materials | Evolved 2 slots: Utility x2 1477 | -9/Materials | Identified exit to Mines 1526 | -9/Materials | Entered Mines 1549 | -9/Mines | Discovered new exit (range 14) 1577 | -9/Mines | Assembled infested the area 1647 | -9/Mines | Learned 2 Materials zone layouts 1700 | -9/Mines | Core integrity fell below 50% 1723 | -9/Mines | Lost 9 parts (1p5n1u2w) 1928 | -9/Mines | Core integrity fell below 20% 1966 | -9/Mines | Lost 4 parts (2n1u1w) 2074 | -9/Mines | Discovered new exit (range 5) 2120 | -9/Mines | Entered Materials 2120 | -8/Materials | Evolved 2 slots: Propulsion x1, Utility x1 2121 | -8/Materials | Identified exit to Storage 2122 | -8/Materials | Identified exit to Factory 2333 | -8/Materials | Discovered exit to Factory (range 15) 2374 | -8/Materials | Build established: Scavenger-Mutant 2507 | -8/Materials | Lost 5 parts (1p1n2u1w) 2701 | -8/Materials | Core integrity fell below 50% 2726 | -8/Materials | Core integrity fell below 20% 2731 | -8/Materials | Destroyed by X-62 Marksman with Pulse Rifle Last Messages --------------- 02705_ Penetrated by Slug. 02707_ Destroyed Heat Sink. 02707_ U-05 Engineer builds a Wall. 02708_ System corrupted: Matter fused (-6). 02709_ Penetrated by Slug. 02709_ Lgt. Assault Rifle destroyed. 02712_ U-05 Engineer builds a Wall. 02714_ Y-45 Defender destroyed. 02716_ Acquired 22 matter. 02716_ Lgt. Ion Engine destroyed. 02716_ K-01 Serf collects debris. 02718_ Knocked back. 02718_ Slug penetrates Wall. 02720_ K-01 Serf collects debris. 02720_ Lgt. Cannon destroyed. 02725_ Penetrated by Slug. 02725_ U-05 Engineer builds a Wall. 02728_ System corrupted: Component data lost. 02729_ Knocked back. 02730_ U-05 Engineer builds a Wall. Map ----- +----------------------------------------------------+ | ?????????????????#???# ????????#?# """ """ #?#???? | | ????????????????#????# ??#??????# #?????? | | ?????????????????????# ?????#??# #?????? | | ??????????????#??? ?## ##????#?# #?????? | | ????????????????????# ############+#########?? | | ???????????? ???????# ^ #?? | | ???????????????##?? # ^ #?? | | ????????????????# ??# #? | | ????????????#?#?+ ?# ###+############## #?? | | ??????????????#?? ####??# % #?#?????# ##? | | ?????????# ### ###+####### ###??#??# #?? | | ????????+ + #???????# ### | | ?????????# ##### #????#??# ## | | ?????????# ########+###### #???????# | | ???????????????#! ## #??#???## | | ??????????????## ## #?#####?# | | ?????????? ????# ## ### # ## | | ????????????#??# """ """ ## ## # ### | | ???????????????# """ """ ############ + #?# | | ?????????????#?# """ """ #???????#??# # #?# | | ??????????? ???# ###??#?????# # #?# | | ???????????????#? #????#?????# ?# #?# | | ?????????????????########???????????######?# #?# | | ???????????????#### k %????????????#?????# #?# | | ???????????????#### %#############?????# #?# | | ??????????r a %@ % x u #######%% #?# | | ?????????? u H > u####### % #?# | | ?????????? ##### %##????# ### | | ??????????????????# ??????# = #?# | | ??????????????????#######??????# ###+#######?# | | ???????????????????????????????## ##???????#???# | | ????????????????????????????????# ##??? ???#???# | | ????????????????????????????????# #???????#?##?# | | ????????????????????????????????# #?????????#??# | | ????????????????????????????????# ##???????????# | | ????????????????????????????????# #????????????# | | ????????????????????????????????# #?############ | | ???????????????????????????????? ?# ## | | ???????????????????????????????? ?# # | | ?????????????????###########???# !?# """ """ # | | ?????###?????????# #???# ?# """ """ + | | ????? #?????????# #???? ??# """ """ # | | ????? #?????????# """ """ ###????????# # | | ????? ?????????# """ """ # ??????#?# ## | | ????? #?????????# """ """ # "????????# ## | | ????? #?????????# """ """ # "????????############ | | ?????#####???????# # "????????#??????????# | | ????? #???????# # ?????????#?????????# | | ?????"" #???????#######+### ???????#????#?#????# | | ?????"" #????######## ###?????????#??????#??# | +----------------------------------------------------+ Best States ------------- Heat Dissipation 38 Energy Generation 14 Energy Capacity 250 Matter Stores 300 Matter Capacity 300 Sight Range 16 Terrain Scan Range 16 Terrain Scan Density 10 Evasion (%) 40 Targeting Accuracy 8 Recoil Reduction 2 Item Schematics ----------------- Hcp. Storage Unit | -9/Materials | Scanalyzed Robot Schematics ------------------ None Fabricated ------------ Nothing Alien Tech Used ----------------- None Achievements -------------- None Challenges ------------ None Game ------ Seed ContainmentSmallBlade Manual? 0 Play Time 00:30:23 Cumulative 100.7 hours Start 2024.03.10 @ 01:03:00 End 2024.03.10 @ 18:15:47 Sessions 4 Manual Loads 0 Difficulty Rogue Special Mode None Game No. 83 Rogue 83 Adventurer 0 Explorer 0 Win Type - Total 3 Types 3/0/0/0/0/0/0/0/0 Lore% 29 Gallery% 44 Achievement% 34 Wizard Run 0 Options --------- Layout 2 ASCII 0 Keyboard 0 Movement Numpad Keybinds 1 Fullscreen 2 Font 32/Tamsyn Map View 50x44 Zoom Use 0% Tactical HUD 1 Map Filters NONE Filters BRIGHTNESS(115)|LOW_CONTRAST(0,16,30) Steam 1 RUN: 50fac800-e3d3-462e-8a99-d2689d50ca2c